 Dungeon Crawl Stone Soup version 0.22-a0-367-gb72a975 (webtiles) character file.

21 SakhabievAskhat the Insei (level 2, -7/23 HPs)
             Began as a Gnoll Transmuter on Apr 22, 2018.
             Killed by divine providence
             ... invoked by an orc priest
              (12 damage)
             ... on level 2 of the Dungeon.
             The game lasted 00:02:25 (829 turns).

SakhabievAskhat the Insei (Gnoll Transmuter)         Turns: 829, Time: 00:02:26

Health: -7/23      AC:  4    Str: 12    XL:     2   Next: 83%
Magic:  6/7        EV: 14    Int: 15    God:
Gold:   53         SH:  0    Dex: 15    Spells: 9/10 levels left

rFire    . . .     SeeInvis .     - Unarmed
rCold    + . .     Gourm    .   (no shield)
rNeg     . . .     Faith    .   b - +0 robe
rPois    .         Spirit   .   n - +0 helmet
rElec    .         Reflect  .   m - +0 cloak
rCorr    .         Harm     .   (no gloves)
MR       .....                  (boots currently unavailable)
Stlth    ++........             (no amulet)
HPRegen  0.07/turn              f - ring of protection from cold
MPRegen  0.10/turn              (no ring)

@: appendage
A: distributed training, fangs 1, talons 3, strong nose
a: End Transformation


You were on level 2 of the Dungeon.
You were not hungry.
You had grown temporary talons.
You visited 1 branch of the dungeon, and saw 2 of its levels.

You collected 53 gold pieces.

Inventory:

Missiles
 a - 12 arrows
Armour
 b - a +0 robe (worn)
 m - a +0 cloak (worn)
 n - a +0 helmet (worn)
Jewellery
 f - a ring of protection from cold (left hand)
 g - an uncursed amulet of rage {unknown}
 h - an uncursed ring of ice {unknown}
Scrolls
 c - a scroll of enchant weapon {unknown}
 e - a scroll of identify {unknown}
 i - a scroll of immolation {unknown}
 k - a scroll of remove curse {unknown}
Potions
 l - a potion of haste {unknown}
Comestibles
 d - 3 rations
 j - 4 chunks of flesh


   Skills:
 + Level 2.5 Fighting
 + Level 0.5 Short Blades
 + Level 0.5 Long Blades
 + Level 0.5 Axes
 + Level 0.5 Maces & Flails
 + Level 0.5 Polearms
 + Level 0.5 Staves
 + Level 0.5 Slings
 + Level 0.5 Bows
 + Level 0.5 Crossbows
 + Level 0.5 Throwing
 + Level 0.5 Armour
 + Level 4.5 Dodging
 + Level 0.5 Stealth
 + Level 0.5 Shields
 + Level 6.5 Unarmed Combat
 + Level 4.9 Spellcasting
 + Level 0.3 Conjurations
 + Level 0.3 Hexes
 + Level 0.3 Charms
 + Level 0.3 Summonings
 + Level 0.3 Necromancy
 + Level 0.3 Translocations
 + Level 3.7 Transmutations
 + Level 0.3 Fire Magic
 + Level 0.3 Ice Magic
 + Level 0.3 Air Magic
 + Level 0.3 Earth Magic
 + Level 0.3 Poison Magic
 + Level 0.6 Invocations
 + Level 0.5 Evocations


You had 9 spell levels left.
You knew the following spells:

 Your Spells              Type           Power        Failure   Level  Hunger
a - Beastly Appendage     Tmut           ##....       3%          1    None


Dungeon Overview and Level Annotations

Branches:
Dungeon (2/15)

Altars:
Ashenzari


Innate Abilities, Weirdness & Mutations

Your experience applies equally to all skills.
You have very sharp teeth.
Your uncanny sense of smell can sniff out nearby items.
You have claws for feet.


Message History

You finish putting on your +0 cloak.
An orc priest comes into view.
The orc priest shouts!
The orc priest calls down the wrath of Beogh upon you.
Beogh smites you!
Ouch! That really hurt!
Casting: Beastly Appendage (safe; 3% risk of failure)
Confirm with . or Enter, or press ? or * to list all spells.
Your feet morph into talons.
You barely miss the orc priest. You claw the orc priest.
You bite the orc priest, but do no damage.
The orc priest is lightly wounded.
The orc priest hits you.
* * * LOW HITPOINT WARNING * * *
You closely miss the orc priest. Your bite misses the orc priest.
The orc priest is lightly wounded.
The orc priest mumbles some strange prayers to Beogh against you.
Beogh smites you!
Ouch! That really hurt!
You die...

.# ..#w.. .. #......
..##.#ww ... .....o
...######.. #..).# .#...#.
##....# # ####._.######
.%...##.# ...#...#......
#.......# ..##'###......#
#....######
##..#.##......###.#......!
##...#..##......@o.#.......
#....#...##............####.
.....#....##................
.....#.....##..(............
.....#......######......#.#.
##.###...........#......#
#.....รท#........#.#........
#####..##########.#.####.##
#...........#.#.# ..


You could see an orc priest.

Vanquished Creatures
  2 dart slugs
  A bat (D:1)
  3 hobgoblins (D:1)
  2 jackals (D:2)
  A frilled lizard (D:1)
  2 kobolds (D:1)
  7 rats (D:1)
18 creatures vanquished.

Notes
Turn   | Place    | Note
-------+----------+-------------------------------------------
     0 | D:1      | SakhabievAskhat the Gnoll Transmuter began the quest for the Orb.
     0 | D:1      | Reached XP level 1. HP: 17/17 MP: 6/6
   355 | D:1      | Reached XP level 2. HP: 18/23 MP: 5/7
   749 | D:2      | Found a shattered altar of Ashenzari.
   829 | D:2      | Killed from afar by an orc priest

Vault maps used:
D:1:      dpeg_arrival_boxorama, hangedman_decor_clover_reticule,
          minmay_tetromino_s2
D:2:      old_standard_altar, lemuel_doored_altar, nicolae_ashenzari_panopticon,
          uniq_jessica, uniq_natasha, uniq_robin

Action                   || total
-------------------------++-------
Melee: Unarmed           ||    49
       Kick              ||     4
       Bite              ||     6
       Punch             ||     2
 Cast: Beastly Appendage ||     7
 Stab: Sleeping          ||     1
Armor: Robe              ||     6
Dodge: Dodged            ||    25

Table legend:
 A = Spawn XP
 B = Non-spawn XP
 C = Spawn XP percentage of total XP
 D = Spawn monster count
 E = Non-spawn monster count
 F = Spawn count percentage of total count
 G = Total turns spent on level
                    A         B        C        D         E        F      G
               +---------+---------+-------+---------+---------+-------+---------
         Total |       0 |      30 |   0.0 |       0 |      18 |   0.0 |   829
               +---------+---------+-------+---------+---------+-------+---------
           D:1 |       0 |      22 |   0.0 |       0 |      15 |   0.0 |   701
           D:2 |       0 |       8 |   0.0 |       0 |       3 |   0.0 |   128
               +---------+---------+-------+---------+---------+-------+---------
